 Dungeon Crawl Stone Soup version 0.21.1-1-g345015fe64 (webtiles) character file.

1491 Napalmbreeze the Skirmisher (level 8, -2/76 HPs)
             Began as a Gargoyle Gladiator on July 19, 2018.
             Was a Believer of Okawaru.
             Slain by an orc warrior
             ... wielding a +0 mace
              (6 damage)
             ... on level 6 of the Dungeon.
             The game lasted 00:16:12 (6426 turns).

Napalmbreeze the Skirmisher (Gargoyle Gladiator)    Turns: 6426, Time: 00:16:15

Health: -2/76      AC: 24    Str: 15 (17) XL:     8   Next: 80%
Magic:  8/8        EV:  2    Int: 13 (15) God:    Okawaru [**....]
Gold:   490        SH:  0    Dex: 19 (21) Spells: 7/7 levels left

rFire    + . .     SeeInvis +   y - +5 war axe of Immorality {flame, Int+5 Dex+3}
rCold    + . .     Gourm    .   (no shield)
rNeg     + + +     Faith    .   (armour currently unavailable)
rPois    ∞         Spirit   .   (helmet currently unavailable)
rElec    +         Reflect  .   (cloak currently unavailable)
rCorr    +         Harm     .   (gloves currently unavailable)
MR       .....     NoTele   +   (boots currently unavailable)
Stlth    +++.......             (no amulet)
HPRegen  0.22/turn              b - ring of see invisible
MPRegen  0.11/turn              (no ring)

@: agile, tree-form, resistant
A: negative energy resistance 1, petrification resistance, rot immunity, AC +5
a: Heroism, Renounce Religion


You were on level 6 of the Dungeon.
You worshipped Okawaru.
Okawaru was pleased with you.
You were not hungry.
You were a tree.
You visited 2 branches of the dungeon, and saw 8 of its levels.

You collected 490 gold pieces.

Inventory:

Hand Weapons
 a - a +0 quarterstaff
 l - a +1 morningstar
 y - the +5 war axe of Immorality (weapon) {flame, Int+5 Dex+3}
   (You took it off an orc on level 5 of the Dungeon)

   It has been specially enchanted to burn those struck by it, causing extra
   injury to most foes and up to half again as much damage against particularly
   susceptible opponents.
   Big, fiery blades are also staple armaments of hydra-hunters.
   It affects your intelligence (+5).
   It affects your dexterity (+3).
Missiles
 d - 5 throwing nets (quivered)
Armour
 c - a +0 helmet (melded)
 k - a +1 pair of boots (melded)
 t - a +0 scale mail (melded)
 u - a cursed +0 shield
 x - a +0 plate armour
Jewellery
 b - a ring of see invisible (left branch)
Wands
 p - a wand of polymorph (17)
 q - a wand of random effects (20)
 s - a wand of flame (21)
Scrolls
 e - 6 scrolls of identify
 w - a scroll of enchant weapon
 A - a scroll of fear
 B - a scroll of magic mapping {unknown}
 D - a scroll of enchant armour
Potions
 j - a potion of might
 m - 2 potions of flight
 o - a potion of curing {unknown}
 r - a potion of ambrosia {unknown}
 v - a potion of mutation {unknown}
 z - a potion of invisibility {unknown}
Books
 E - a book of Maledictions

   Spells                             Type                      Level
   a - Corona                         Hexes                        1
   b - Ensorcelled Hibernation        Hexes/Ice                    2
   c - Confuse                        Hexes                        3
   d - Tukima's Dance                 Hexes                        3
   e - Dazzling Spray                 Conjuration/Hexes            3
Comestibles
 f - 10 rations
 C - 2 chunks of flesh


   Skills:
 - Level 5.9 Fighting
 - Level 2.9(4.4) Axes
 - Level 5.6(6.6) Maces & Flails
 - Level 3.8(5.3) Staves
 - Level 1.7 Throwing
 + Level 3.0 Armour
 - Level 4.8 Dodging


You had 7 spell levels left.
You didn't know any spells.

Dungeon Overview and Level Annotations

Branches:
Dungeon (7/15)             Temple (1/1) D:4

Altars:
Ashenzari
Dithmenos
Elyvilon
Fedhas
Gozag
Hepliaklqana
Kikubaaqudgha
Makhleb
Nemelex Xobeh
Okawaru
Qazlal
Sif Muna
Trog
Uskayaw
Vehumet
Wu Jian
Xom
Yredelemnul
Zin
The Shining One

Shops:
D:4 !


Innate Abilities, Weirdness & Mutations

You are resistant to torment.
((Your stone body is resilient. (AC +5)))
You are immune to poison.
You resist negative energy. (rN+)
((You are resistant to electric shocks. (rElec)))
((You can survive without breathing.))
You are immune to petrification.
You are immune to rotting.


Message History

It was a potion of lignification.
You turn into a tree.
Your +0 helmet melds into your body.
Your +1 pair of boots melds into your body.
Your +0 scale mail melds into your body.
Your roots penetrate the ground.
The orc warrior hits you but does no damage.
You slash the jelly! You burn the jelly.
Your branches burn!
* * * LOW HITPOINT WARNING * * *
The jelly is heavily wounded.
You hit the orc warrior. You burn the orc warrior.
The jelly hits you but does no damage. The orc warrior barely misses you.
The jelly hits you but does no damage.
Unknown command.
You hit the jelly. You burn the jelly.
You kill the jelly!
Okawaru accepts your kill.
Your Armour skill increases to level 3!
You hit the orc warrior but do no damage.
The orc warrior hits you with a mace.
You die...

#..>...##### #......#
#..........# ######.#
#####'####.# #.# ##
#.# #.# #.# #.
#.####)########.# #.
#.#.............####.
#.....########.......
###o..# #......#####.
#.♣.###....###....(
#.....#.....##.####
#...#.###.†.##.....
###...#.# #...#######
#.......# #.......#..
#.####### #...#####.#
#.##### #...# #.#
#.....# ##### #÷#
#####.# ####.#


You could see an orc warrior.

Vanquished Creatures
  Sigmund (D:4)
  An orc warrior (D:5)
  3 ogres
  2 centaurs
  A bullfrog (D:6)
  3 scorpions (D:6)
  A howler monkey (D:4)
  A centaur zombie (D:5)
  2 crimson imps
  2 jellies
  2 bullfrog skeletons
  A gnoll shaman (D:7)
  2 hounds (D:5)
  Ijyb (D:3)
  4 worker ants
  6 adders
  2 shadow imps
  4 worms
  2 leopard geckos
  5 orcs
  8 bats
  4 giant cockroaches
  8 goblins
  8 hobgoblins
  7 jackals
  A quokka (D:6)
  6 frilled lizards
  5 kobolds
  7 rats
  A butterfly (D:5)
101 creatures vanquished.

Notes
Turn   | Place    | Note
-------+----------+-------------------------------------------
     0 | D:1      | Napalmbreeze the Gargoyle Gladiator began the quest for the Orb.
     0 | D:1      | Reached XP level 1. HP: 12/12 MP: 1/1
   151 | D:1      | Reached XP level 2. HP: 18/18 MP: 2/2
   550 | D:1      | Reached XP level 3. HP: 22/22 MP: 3/3
  1958 | D:3      | Noticed Ijyb
  1983 | D:3      | Killed Ijyb
  1983 | D:3      | Reached skill level 1 in Maces & Flails
  1983 | D:3      | Reached XP level 4. HP: 14/28 MP: 4/4
  2781 | D:4      | Found Lux Yxotz's Distillery.
  2783 | D:4      | Reached XP level 5. HP: 32/32 MP: 5/5
  2794 | D:4      | Noticed Sigmund
  3445 | D:4      | Reached XP level 6. HP: 37/38 MP: 6/6
  3455 | D:4      | Killed Sigmund
  3780 | D:4      | Found a staircase to the Ecumenical Temple.
  3788 | Temple   | Entered the Ecumenical Temple
  3805 | Temple   | Became a worshipper of Warmaster Okawaru
  3995 | D:5      | Entered Level 5 of the Dungeon
  4012 | D:5      | Reached XP level 7. HP: 37/44 MP: 7/7
  4428 | D:5      | Found a glowing silver altar of Zin.
  4665 | D:4      | Reached * piety under Okawaru
  4665 | D:4      | Reached skill level 5 in Fighting
  4665 | D:4      | Reached skill level 5 in Maces & Flails
  4801 | D:5      | Reached XP level 8. HP: 34/49 MP: 5/8
  4995 | D:5      | Got a translucent war axe {flame}
  4996 | D:5      | Identified the +5 war axe of Immorality {flame, Int+5 Dex+3} (You took it off an orc on level 5 of the Dungeon)
  5025 | D:5      | Found a shimmering altar of Xom.
  5276 | D:5      | Reached skill level 1 in Axes
  5438 | D:5      | Found a hazy altar of Hepliaklqana.
  5445 | D:5      | Found a deep blue altar of Sif Muna.
  5775 | D:6      | Reached skill level 1 in Armour
  6412 | D:6      | HP: 1/51 [orc warrior/mace (8)]
  6425 | D:6      | HP: 3/76 [acid (1)]
  6426 | D:6      | Reached ** piety under Okawaru
  6426 | D:6      | Slain by an orc warrior

Skill      XL: |  1  2  3  4  5  6  7  8 |
---------------+-------------------------+-----
Fighting       | 3 4 5 |  5.9
Maces & Flails | 1 3 4 5 |  5.6
Dodging        | 3 4 |  4.8
Axes           | 2 |  2.9
Armour         | 3 |  3.0
Staves         | |  3.8
Throwing       | |  1.7

Action                   |  1- 3 |  4- 6 |  7- 9 || total
-------------------------+-------+-------+-------++-------
Melee: Quarterstaff      |    86 |       |       ||    86
       Morningstar       |    43 |       |    73 ||   116
       Glaive            |       |   101 |       ||   101
       War axe           |       |       |    77 ||    77
Invok: Heroism           |       |       |     1 ||     1
  Use: Scroll            |       |     6 |     6 ||    12
       Potion            |       |       |     6 ||     6
  Eat: Chunk             |     3 |     3 |     2 ||     8
       Ration            |       |     1 |     2 ||     3
Armor: Leather armour    |    59 |    18 |       ||    77
       Scale mail        |       |    65 |    95 ||   160
       Skin              |       |       |     3 ||     3
Dodge: Dodged            |    86 |    72 |   142 ||   300
